 Dungeon Crawl Stone Soup version 0.31-a0-626-g8143ab4f1d (webtiles) character file.

Game seed: 10957132639991153528

230 kae the Changeling (level 5, -2/67 HPs)
             Began as a Draconian Shapeshifter on Aug 24, 2023.
             Killed by nerve-wracking pain
             ... invoked by an orc priest
              (11 damage)
             ... on level 4 of the Dungeon.
             The game lasted 00:03:12 (2638 turns).

kae the Changeling (Draconian Shapeshifter)         Turns: 2638, Time: 00:03:12

Health: -2/67      AC:  9    Str: 17    XL:     5   Next: 72%
Magic:  5/5        EV: 12    Int:  9    God:
Gold:   165        SH:  0    Dex: 13    Spells: 4/4 levels left

rFire   . .          .
                       - Unarmed
rCold   . . .        (no shield)
rNeg    . . .        (body armour unavailable)
rPois   +            (helmet currently unavailable)
rElec   .            (cloak currently unavailable)
rCorr   .            (gloves currently unavailable)
SInv    .            (boots currently unavailable)
Will    .....        (no amulet) Stlth
                     P - ring of poison resistance
HPRegen 0.31/turn    O - +4 ring of protection
MPRegen 0.09/turn

%: no passive effects
@: berserking, beast-form, very quick
A: beast (slay +2), AC +5, unfitting armour, cold-blooded
a: Begin Untransformation


You were on level 4 of the Dungeon.
You were a hulking beast.
You visited 1 branch of the dungeon, and saw 4 of its levels.

You collected 165 gold pieces.


Innate Abilities, Weirdness & Mutations

You are a hulking beast.
Your limbs bulge with bestial killing power. (Slay +2)
Your plain brown scales are hard. (AC +5)
You cannot fit into any form of body armour.
You are cold-blooded and may be slowed by cold attacks.


   Skills:
 + Level 3.1 Fighting
 - Level 1.7 Dodging
 + Level 4.1 Unarmed Combat
 * Level 4.8 Shapeshifting


You had 4 spell levels left.
You didn't know any spells.
Your spell library contained the following spells:

 Spells                   Type           Power      Damage    Failure   Level
 Sandblast                Erth           0%         2d4       38%         1
 Passwall                 Tmut/Erth      0%         N/A       52%         2
 Stone Arrow              Conj/Erth      0%         3d7       77%         3
 Olgreb's Toxic Radiance  Pois           0%         N/A       99%         4
 Discord                  Hex            0%         N/A       100%        8
 Ignition                 Fire           0%         3d3       100%        8

Inventory:

Missiles
 e - 17 stones
 n - 5 boomerangs
Jewellery
 O - a +4 ring of protection (right hand)
   (You found it on level 4 of the Dungeon)
 P - a ring of poison resistance (left hand)
   (You found it on level 2 of the Dungeon)
 T - an amulet of faith {!P}
   (You found it on level 1 of the Dungeon)
 W - a ring of magical power
   (You found it on level 3 of the Dungeon)
Talismans
 b - a beast talisman (active)
 c - a flux talisman
 i - a maw talisman
   (You found it on level 1 of the Dungeon)
Scrolls
 g - a scroll of noise {!r}
 h - 2 scrolls of identify {@r1}
 k - 2 scrolls of revelation
 m - 2 scrolls of teleportation {@r4}
Potions
 d - a potion of ambrosia
 f - 3 potions of curing {@q1}
 j - a potion of resistance

Dungeon Overview and Level Annotations

Branches:
Dungeon (4/15) Zot: 21377
 Temple: D:4-7

Altars:
Ashenzari
Elyvilon
Qazlal

Shops:
D:2 :

Annotations:
D:2 Terence

#...[ ...# ..##.....#
...### #........# .
.....#####.....#..# '.
............#..#..# .#
......#.....##....##'##.
........................
#...............))..#..#
#..#............h.o....#
.###............oo.....#
.####[.......#..........
.......##...#####....#.#
.###..##.....# ......#
..#.......#.## ###...#
..##...?.##.# #.##
..#...#.!#### ##
.###.#####


You could see an orc priest and 2 orcs.


Message History

You take 2 damage, and now have 22/45 hp.
You punch the goblin!
You kill the goblin!
The hound bites you.
* * * LOW HITPOINT WARNING * * *
You barely miss the hound. The hound bites you but does no damage.
You hit the hound. The hound bites you but does no damage.
The hound closely misses you.
You miss the hound.
Your tail-slap misses the hound.
The hound closely misses you.
Unknown command.
You punch the hound! The hound bites you.
* * * LOW HITPOINT WARNING * * *
😨 HP[-3]
You take 3 damage, and now have 19/45 hp.
You hit the hound. The hound bites you but does no damage.
The hound misses you.
You punch the hound!
You kill the hound!
You see here a hound corpse. 😨 HP[+1] 😨 HP[+1] 😨 HP[+1] 😮 HP[+1] 😮 HP[+1]
You hear the slow hiss of a very distant avalanche of sand. 😮 HP[+1] 😮 HP[+1] 😮 HP[+1] 😮 HP[+1] 😮 HP[+1] 😮 HP[+1] 😮 HP[+1] 😮 HP[+1] 😮 HP[+1] 😕 HP[+1] 😕 HP[+1] 😕 HP[+1] 😕 HP[+1] 😕 HP[+1]
A quokka comes into view.
You hear the hiss of an avalanche of sand nearby. 😕 HP[+1]
You punch the quokka!
You kill the quokka! 😕 HP[+1]
An orc comes into view. It is wielding a +0 hand axe. 😕 HP[+1]
An orc comes into view. It is wielding a +0 hand axe.
An orc comes into view. It is wielding a +0 club.
The orc shouts! x2; You hear a shout!
An orc comes into view. It is wielding a +0 mace.
An orc priest comes into view. It is wielding a +0 club.
The orc shouts! x2
The orc priest mumbles some strange prayers to Beogh against you.
Beogh smites you! 😮 HP[-8]
You take 8 damage, and now have 33/45 hp.
The orc misses you.
You completely miss the orc. The orc closely misses you.
The orc hits you with a +0 hand axe. 😮 HP[-2]
You take 2 damage, and now have 31/45 hp.
Unknown command.
Okay, then.
You hit the orc. The orc hits you with a +0 club.
The orc hits you with a +0 hand axe. The orc closely misses you.
The orc priest looks braver for a moment. 😮 HP[-6]
You take 6 damage, and now have 25/45 hp.
Unknown command.
You hit the orc but do no damage. The orc hits you with a +0 club.
The orc hits you but does no damage. The orc misses you. 😮 HP[-1]
You take 1 damage, and now have 24/45 hp.
A red film seems to cover your vision as you go berserk!
You feel yourself moving faster!
You feel mighty! The orc barely misses you. x2
The orc misses you.
The orc priest mumbles some strange prayers to Beogh against you.
Beogh smites you!
* * * LOW HITPOINT WARNING * * *
😨 HP[-1]
You now have 67 max hp (+22).
You punch the orc!
You kill the orc!
The orc priest mumbles some strange prayers to Beogh against you.
Beogh smites you!
* * * LOW HITPOINT WARNING * * *
The orc hits you but does no damage. The orc closely misses you.
The orc hits you with a +0 hand axe.
* * * LOW HITPOINT WARNING * * *
😱 HP[-15]
You take 15 damage, and now have 8/67 hp.
MASSIVE DAMAGE!! (PAUSE)
You pummel the orc!!
You kill the orc!
You completely miss the orc.
The orc priest mumbles some strange prayers to Beogh against you.
Pain shoots through your body!
You die...

Skill      XL: |  1  2  3  4  5 |
---------------+----------------+-----
Fighting       | 2 3 |  3.1
Shapeshifting  | 4 |  4.8
Unarmed Combat | 4 |  4.1
Dodging        | |  1.7

Action                     |  1- 3 |  4- 6 || total
---------------------------+-------+-------++-------
  Melee: Unarmed           |   107 |   113 ||   220
         Tailslap          |     7 |    11 ||    18
         Punch             |     2 |     2 ||     4
    Use: Scroll            |     8 |     3 ||    11
         Potion            |       |     2 ||     2
   Stab: Sleeping          |     3 |     1 ||     4
 Armour: Skin              |    32 |    43 ||    75
  Dodge: Dodged            |    52 |    55 ||   107

Levels and vault maps discovered:
D:1:      minmay_arrival_up_and_down, layout_rooms
D:2:      layout_basic, basic_altar, hellmonk_ecumenical_altar_inner_sanctum,
          serial_shops, nicolae_shop_real_fake_doors, uniq_terence
D:3:      layout_basic, nicolae_overflow_two_pavilions, uniq_robin
D:4:      layout_cave_pools, enter_ossuary_2

Notes
Turn   | Place    | Note
-------+----------+-------------------------------------------
     0 | D:1      | kae the Draconian Shapeshifter began the quest for the Orb.
     0 | D:1      | Reached XP level 1. HP: 16/16 MP: 1/1
     0 | D:1      | magus.rc [v1.11.3]
   165 | D:1      | Reached XP level 2. HP: 23/23 MP: 2/2
   503 | D:2      | Reached XP level 3. HP: 27/29 MP: 3/3
   557 | D:2      | You pick up a book of Geomancy and begin reading...
   557 | D:2      | You add the spells Sandblast, Passwall and Stone Arrow to
                  | your library.
   594 | D:2      | Noticed Terence
   824 | D:2      | Reached skill level 2 in Fighting
   943 | D:2      | Found a stormy altar of Qazlal.
  1061 | D:2      | Found Xikeveob's Book Shoppe.
  1330 | D:2      | Found a faded altar of an unknown god.
  1410 | D:2      | You add the spells Olgreb's Toxic Radiance, Ignition and
                  | Discord to your library.
  1643 | D:3      | Reached XP level 4. HP: 35/36 MP: 4/4
  1654 | D:3      | Found a broken altar of Ashenzari.
  1654 | D:3      | Found a white marble altar of Elyvilon.
  1791 | D:3      | Noticed Robin
  1821 | D:3      | Reached skill level 4 in Shapeshifting
  1842 | D:3      | Killed Robin
  2478 | D:4      | Reached XP level 5. HP: 34/44 MP: 5/5
  2491 | D:4      | Reached skill level 4 in Unarmed Combat
  2505 | D:4      | Reached skill level 3 in Fighting
  2636 | D:4      | HP: 11/67 [orc priest/divine providence (12)]
  2638 | D:4      | Killed from afar by an orc priest

Vanquished Creatures
  A hound (D:4)
  A gnoll bouda (D:4)
  Robin (D:3)
  4 adders
  3 gnolls (D:4)
  2 worms
  2 dart slugs (D:2)
  2 orcs (D:4)
  7 ball pythons
  3 bats
  8 endoplasms
  5 giant cockroaches
  6 hobgoblins
  4 jackals (D:1)
  2 kobolds
  2 quokkas
  4 frilled lizards
  17 goblins
  8 rats
82 creatures vanquished.

Table legend:
 A = Non-vault XP
 B = Vault XP
 C = Vault XP percentage of total XP
 D = Non-vault monster count
 E = Vault monster count
 F = Vault count percentage of total count
                 A         B        C        D         E       F
            +---------+---------+-------+---------+---------+-------
      Total |     292 |      37 |  11.2 |      69 |      13 |  15.9
            +---------+---------+-------+---------+---------+-------
        D:1 |      40 |       0 |   0.0 |      24 |       0 |   0.0
        D:2 |      55 |       0 |   0.0 |      14 |       0 |   0.0
        D:3 |      39 |      37 |  48.7 |      15 |      13 |  46.4
        D:4 |     158 |       0 |   0.0 |      16 |       0 |   0.0
            +---------+---------+-------+---------+---------+-------

Skill      XL: |  1  2  3  4  5 |
---------------+----------------+-----
Fighting       | 2 3 |  3.1
Shapeshifting  | 4 |  4.8
Unarmed Combat | 4 |  4.1
Dodging        | |  1.7

Action                     |  1- 3 |  4- 6 || total
---------------------------+-------+-------++-------
  Melee: Unarmed           |   107 |   113 ||   220
         Tailslap          |     7 |    11 ||    18
         Punch             |     2 |     2 ||     4
    Use: Scroll            |     8 |     3 ||    11
         Potion            |       |     2 ||     2
   Stab: Sleeping          |     3 |     1 ||     4
 Armour: Skin              |    32 |    43 ||    75
  Dodge: Dodged            |    52 |    55 ||   107

Illustrated notes

Table legend:
 A = Kills in this place as a percentage of kills in the entire game.
 B = Kills by you in this place as a percentage of kills by you in the entire game.
 C = Kills by friends in this place as a percentage of kills by friends in the entire game.
 D = Other kills in this place as a percentage of other kills in the entire game.
 E = Experience gained in this place as a percentage of experience gained in the entire game.
 F = Experience gained in this place divided by the number of levels of this place that you have seen.
                   A       B       C       D       E      F
               +-------+-------+-------+-------+-------+----------------------
         Total | 100.0 | 100.0 |   N/A |   N/A | 100.0 |  82.2
       Dungeon | 100.0 | 100.0 |   N/A |   N/A | 100.0 |  82.2
               +-------+-------+-------+-------+-------+----------------------

Table legend: (Time is in decaauts)
 A = Elapsed time spent in this place.
 B = Non-inter-level travel time spent in this place.
 C = Inter-level travel time spent in this place.
 D = Time resting spent in this place.
 E = Time spent auto-exploring this place.
 F = Levels seen in this place.
 G = Mean time per level.
                   A        B        C        D        E       F      G
               +--------+--------+--------+--------+--------+-----+--------+
         Total |   2621 |   2552 |     69 |     24 |   1915 |   4 |  655.2 |
       Dungeon |   2621 |   2552 |     69 |     24 |   1915 |   4 |  655.2 |
               +--------+--------+--------+--------+--------+-----+--------+

Top non-repeatable levels by time:
     D:2: 1080 daAuts
     D:3: 776 daAuts
     D:1: 494 daAuts
     D:4: 269 daAuts
